cohdb
Replays
Latest Replays
All Replays
Popular Replays
Top Player Replays
Match Explorer
How It Works
Community
CoH3 Stats
Reddit
Sign in to upload your games and track your stats! →
Sign in with Steam
Match 44871424
Unlisted
Match 44871424
Overview
Messages
Build Orders
End
Engineer Squad
Construct Barracks
Riflemen Squad
Riflemen Squad
Riflemen Squad
Selects Airborne Battlegroup
Selects Heavy Machine Gun Paradrop
Selects Paratrooper Squad Paradrop
Paratrooper Squad Paradrop
Construct Medical Station
Construct Medical Station
Air Support Center
M1918 Browning Automatic Rifles
P-47 Strafing Run
Heavy Machine Gun Paradrop
Grenade Package
Selects Anti-tank Gun Team Paradrop
P-47 Strafing Run
Construct Tank Depot
P-47 Strafing Run
M4(105) Sherman Bulldozer
Grasshopper Recon Run
Selects Recon Loiter
Selects Supply Drop
P-47 Strafing Run
M4(105) Sherman Bulldozer
P-47 Dive Bomb
MxCarnage!!
Brother
0
0
Comments
sign in to comment!
No comments posted yet!